Maple Leafs vs Jets

Created - January 10, 2022 at 19:02

Goals
1 2 3 OT1 T
Maple Leafs 0 2 3 1 6
Jets 0 1 4 0 5
Shots
1 2 3 OT1 T
Maple Leafs 15 14 12 1 42
Jets 8 18 15 0 41

1st period

No Goal

Penalties :
Alexander Radulov (Win) for Interference (Minor) at 1:14, Patrick Kane (TOR) for Interference (Minor) at 8:45, John Klingberg (TOR) for Holding (Minor) at 16:37

2nd period

1. Maple Leafs , Brayden Schenn 6 (Claude Giroux 13, Jon Merrill 3) at 1:10 (PP)
2. Jets , Marcus Johansson 5 (Corey Perry 6, Dougie Hamilton 7) at 4:46
3. Maple Leafs , Patrick Kane 9 (Hampus Lindholm 11, Brayden Schenn 12) at 5:04

Penalties :
Nino Niederreiter (Win) for Holding (Minor) at 0:20, Marcus Johansson (Win) for High sticking (Minor) at 17:05

3rd period

4. Maple Leafs , Ryan Parent 1 (Zach Werenski 6) at 3:21
5. Jets , Adam Henrique 15 (Nino Niederreiter 14, Marco Scandella 4) at 5:21
6. Jets , Dougie Hamilton 2 (Nino Niederreiter 15, Jake McCabe 5) at 5:56 (PP)
7. Jets , Nino Niederreiter 6 (Ryan Johansen 14) at 6:33
8. Jets , Marco Scandella 1 (Jake McCabe 6) at 8:08 (PP)
9. Maple Leafs , Andre Burakovsky 7 (Jake Guentzel 7, Ryan Parent 5) at 10:02
10. Maple Leafs , Claude Giroux 12 (Brayden Schenn 13) at 12:22

Penalties :
Andre Burakovsky (TOR) for Cross-checking (Minor) at 0:31, Claude Giroux (TOR) for Roughing (Minor) at 5:44, Claude Giroux (TOR) for Roughing (Minor) at 6:36, Claude Giroux (TOR) for High sticking (Minor) at 13:09

Overtime #1

11. Maple Leafs , Claude Giroux 13 (John Klingberg 4, Brayden Schenn 14) at 0:08

Penalties :
No Penalty

Goalie Stats

John Gibson (TOR), 36 saves from 41 shots - (0.878), W, 6-5-0, 60:08 minutes
Jonathan Bernier (Win), 36 saves from 42 shots - (0.857), OTL, 0-1-1, 60:08 minutes

Players Stats for Maple Leafs

Player Name              G  A  P  +/- PIM S  H  SB GA TA FO     MP     PP MP  PK MP  
------------------------------------------------------------------------------------
Andre Burakovsky         1  0  1   1  2   2  1  0  0  1  1/1    16:13   2:03   0:00 
Beau Bennett             0  0  0  -1  0   1  1  0  0  1  0/0     8:06   0:00   0:00 
Bo Horvat                0  0  0  -1  0   0  1  0  0  0  5/9    11:44   2:03   1:26 
Brandon Saad             0  0  0  -1  0   0  0  2  0  0  2/4    10:15   0:00   2:09 
Brayden Schenn           1  3  4   2  0   4  2  1  0  1  20/46  25:49   2:45   5:56 
Braydon Coburn           0  0  0  -1  0   3  0  0  0  1  0/0    21:39   0:00   6:18 
Claude Giroux            2  1  3   2  6   7  2  0  0  0  2/5    23:29   2:45   3:25 
Hampus Lindholm          0  1  1   2  0   3  1  1  1  1  0/0    25:48   2:51   3:22 
Jake Guentzel            0  1  1   1  0   1  0  1  0  0  0/0    20:33   2:03   4:19 
John Klingberg           0  1  1   0  2   2  1  1  0  0  0/0    22:45   2:51   2:41 
Jon Merrill              0  1  1   1  0   3  0  0  1  1  0/0    26:27   1:57   6:18 
Logan Couture            0  0  0   1  0   6  0  0  0  0  5/11   16:21   0:00   1:56 
Patrice Cormier          0  0  0   0  0   0  0  1  0  0  1/1     6:01   0:00   0:00 
Patrick Kane             1  0  1   1  2   4  5  0  3  0  1/2    19:05   2:45   0:00 
Pontus Aberg             0  0  0   0  0   0  0  0  0  0  0/0     6:01   0:00   0:00 
Ryan Parent              1  1  2   1  0   2  1  0  0  0  0/0    11:25   0:00   0:41 
Tim Schaller             0  0  0   0  0   1  2  1  0  0  0/0     6:24   0:00   0:09 
Zach Werenski            0  1  1   1  0   3  1  3  1  0  0/0    12:41   1:57   0:00 

Players Stats for Jets

Player Name              G  A  P  +/- PIM S  H  SB GA TA FO     MP     PP MP  PK MP  
------------------------------------------------------------------------------------
Adam Henrique            1  0  1  -2  0   4  3  0  2  0  3/4    23:06   5:22   1:00 
Alexander Radulov        0  0  0   0  2   2  1  0  0  0  0/0     8:18   0:01   0:00 
Corey Perry              0  1  1   0  0   4  1  2  0  0  0/0    16:43   4:18   0:00 
Dougie Hamilton          1  1  2  -2  0   2  0  5  1  2  0/0    23:29   5:57   0:00 
Erik Haula               0  0  0   0  0   4  3  1  0  0  8/13   15:49   4:18   2:47 
Jake McCabe              0  2  2   0  0   2  2  0  1  0  0/0    23:44   5:57   1:56 
Jean-Gabriel Pageau      0  0  0   0  0   1  3  0  0  0  5/10   13:26   0:00   1:01 
Jordan Martinook         0  0  0   0  0   2  2  0  0  0  0/0     7:53   0:00   0:00 
Marco Scandella          1  1  2  -2  0   4  1  3  0  0  0/0    24:34   3:43   2:52 
Marcus Johansson         1  0  1   0  2   2  1  0  1  0  0/1    17:14   4:18   0:00 
Michael Matheson         0  0  0   0  0   0  1  1  0  0  0/0    17:46   3:43   1:56 
Mirco Mueller            0  0  0   0  0   0  1  0  0  0  0/0    11:50   0:00   0:00 
Nikolaj Ehlers           0  0  0   0  0   2  0  0  0  0  0/0     8:07   0:01   0:00 
Nino Niederreiter        1  2  3  -1  2   2  0  0  0  1  1/1    22:51   5:21   1:01 
Noel Acciari             0  0  0   0  0   3  1  0  0  1  3/4    10:55   0:00   2:47 
Robert Hagg              0  0  0   0  0   0  0  1  0  1  0/0    18:53   0:00   2:52 
Ronalds Kenins           0  0  0   0  0   4  0  0  1  1  0/1     9:04   0:00   1:00 
Ryan Johansen            0  1  1  -2  0   3  2  1  0  0  22/45  21:59   5:21   0:00 

3 Stars

1 - Brayden Schenn (TOR)
2 - Claude Giroux (TOR)
3 - Ryan Parent (TOR)

Power Play

Maple Leafs - 1 on 3 Attempt(s) - 33.33%
Jets - 2 on 6 Attempt(s) - 33.33%

Penalty Kill

Maple Leafs - 4 on 6 Attempt(s) - 66.67% - Score 0 goal in Penalty Kill
Jets - 2 on 3 Attempt(s) - 66.67% - Score 0 goal in Penalty Kill

Team Stat

Maple Leafs - Hits : 18 - Faceoff Wins : 37 - Blocked Shots : 11 - Penalty Minutes : 12
Jets - Hits : 22 - Faceoff Wins : 42 - Blocked Shots : 14 - Penalty Minutes : 6

Official

Referees : Jean Hebert and Tom Chmielewski
Linesman : Tyson Baker and Kiel Murchison

Game Notes

No Game Note

Finance

Level 1 -- Attendance: 6000 (100.00%) -- Ticket Income $600,000
Level 2 -- Attendance: 5000 (100.00%) -- Ticket Income $300,000
Level 3 -- Attendance: 1907 (95.35%) -- Ticket Income $66,745
Level 4 -- Attendance: 3770 (94.25%) -- Ticket Income $94,250
Luxury Box -- Attendance: 888 (88.80%) -- Ticket Income $177,600
Game was played at the Bell MTS Place.
Total Attendance: 17565 (97.58%)
Total Ticket Income: $1,238,595
Other Income: $185,789
Total Income: $1,424,384

Maple Leafs

5 vs 5 Forward 
   Center                   Left Wing                Right Wing               Time % Phy DF OF 
 1 Brayden Schenn           Claude Giroux            Patrick Kane             40     1   2  2  
 2 Logan Couture            Jake Guentzel            Andre Burakovsky         30     1   2  2  
 3 Bo Horvat                Brandon Saad             Beau Bennett             20     1   2  2  
 4 Patrice Cormier          Tim Schaller             Pontus Aberg             10     1   2  2  

5 vs 5 Defense 
   Defense                  Defense                                           Time % Phy DF OF 
 1 Hampus Lindholm          Jon Merrill                                       40     1   2  2  
 2 John Klingberg           Braydon Coburn                                    30     1   2  2  
 3 Ryan Parent              Zach Werenski                                     20     1   2  2  
 4 Hampus Lindholm          John Klingberg                                    10     1   2  2  

PowerPlay Forward 
   Center                   Left Wing                Right Wing               Time % Phy DF OF 
 1 Brayden Schenn           Claude Giroux            Patrick Kane             60     1   2  2  
 2 Bo Horvat                Jake Guentzel            Andre Burakovsky         40     1   2  2  

PowerPlay Defense
   Defense                  Defense                                           Time % Phy DF OF 
 1 Hampus Lindholm          John Klingberg                                    60     1   2  2  
 2 Jon Merrill              Zach Werenski                                     40     1   2  2  

Penalty Kill 4 Players Forward 
   Center                   Wing                     Time % Phy DF OF 
 1 Brayden Schenn           Claude Giroux            60     1   2  2  
 2 Logan Couture            Jake Guentzel            40     1   2  2  

Penalty Kill 4 Players Defense
   Defense                  Defense                  Time % Phy DF OF 
 1 Jon Merrill              Braydon Coburn           60     1   2  2  
 2 Hampus Lindholm          John Klingberg           40     1   2  2  

Penalty Kill - 3 Players Forward 
   Forward                                           Time % Phy DF OF 
 1 Brayden Schenn                                    60     1   2  2  
 2 Logan Couture                                     40     1   2  2  

Penalty Kill - 3 Players Defense
   Defense                  Defense                  Time % Phy DF OF 
 1 Braydon Coburn           Jon Merrill              60     1   2  2  
 2 Hampus Lindholm          John Klingberg           40     1   2  2  

4 vs 4 Forward 
   Center                   Wing                     Time % Phy DF OF 
 1 Brayden Schenn           Claude Giroux            60     1   2  2  
 2 Logan Couture            Jake Guentzel            40     1   2  2  

4 vs 4 Defense
   Defense                  Defense                  Time % Phy DF OF 
 1 Hampus Lindholm          John Klingberg           60     1   2  2  
 2 Jon Merrill              Braydon Coburn           40     1   2  2  

Last Minutes Offensive
   Center                   Left Wing                Right Wing               Defense                  Defense                  
   Brayden Schenn           Claude Giroux            Patrick Kane             Hampus Lindholm          John Klingberg           

Last Minutes Defensive
   Center                   Left Wing                Right Wing               Defense                  Defense                  
   Brayden Schenn           Claude Giroux            Patrick Kane             Braydon Coburn           Jon Merrill              

Goaltenders
Starting : John Gibson              
Backup : Martin Jones             

Extra Forwards
Normal : Jake Guentzel, Logan Couture, Bo Horvat - PP : Jake Guentzel, Logan Couture - PK : Jake Guentzel
Extra Defensemen
Normal : Braydon Coburn, Ryan Parent, Zach Werenski - PP : Braydon Coburn - PK : Braydon Coburn, Ryan Parent
Penalty Shots
Claude Giroux, Patrick Kane, Brayden Schenn, Andre Burakovsky, Jake Guentzel

Scratches
None

Jets

5 vs 5 Forward 
   Center                   Left Wing                Right Wing               Time % Phy DF OF 
 1 Ryan Johansen            Adam Henrique            Nino Niederreiter        39     0   2  3  
 2 Jean-Gabriel Pageau      Marcus Johansson         Corey Perry              30     0   2  3  
 3 Erik Haula               Ronalds Kenins           Alexander Radulov        19     1   2  2  
 4 Noel Acciari             Jordan Martinook         Nikolaj Ehlers           12     1   2  2  

5 vs 5 Defense 
   Defense                  Defense                                           Time % Phy DF OF 
 1 Dougie Hamilton          Marco Scandella                                   40     0   3  2  
 2 Jake McCabe              Robert Hagg                                       35     1   2  2  
 3 Michael Matheson         Mirco Mueller                                     25     1   2  2  
 4 Dougie Hamilton          Jake McCabe                                       0      1   2  2  

PowerPlay Forward 
   Center                   Left Wing                Right Wing               Time % Phy DF OF 
 1 Ryan Johansen            Adam Henrique            Nino Niederreiter        60     1   0  4  
 2 Erik Haula               Marcus Johansson         Corey Perry              40     1   0  4  

PowerPlay Defense
   Defense                  Defense                                           Time % Phy DF OF 
 1 Dougie Hamilton          Jake McCabe                                       60     0   1  4  
 2 Michael Matheson         Marco Scandella                                   40     0   1  4  

Penalty Kill 4 Players Forward 
   Center                   Wing                     Time % Phy DF OF 
 1 Erik Haula               Noel Acciari             60     0   4  1  
 2 Jean-Gabriel Pageau      Nino Niederreiter        40     0   4  1  

Penalty Kill 4 Players Defense
   Defense                  Defense                  Time % Phy DF OF 
 1 Marco Scandella          Robert Hagg              60     0   4  1  
 2 Michael Matheson         Jake McCabe              40     0   4  1  

Penalty Kill - 3 Players Forward 
   Forward                                           Time % Phy DF OF 
 1 Erik Haula                                        60     0   4  1  
 2 Jean-Gabriel Pageau                               40     0   4  1  

Penalty Kill - 3 Players Defense
   Defense                  Defense                  Time % Phy DF OF 
 1 Marco Scandella          Dougie Hamilton          60     0   5  0  
 2 Robert Hagg              Michael Matheson         40     0   5  0  

4 vs 4 Forward 
   Center                   Wing                     Time % Phy DF OF 
 1 Ryan Johansen            Adam Henrique            60     1   2  2  
 2 Jean-Gabriel Pageau      Nino Niederreiter        40     1   2  2  

4 vs 4 Defense
   Defense                  Defense                  Time % Phy DF OF 
 1 Dougie Hamilton          Marco Scandella          60     1   2  2  
 2 Jake McCabe              Robert Hagg              40     1   2  2  

Last Minutes Offensive
   Center                   Left Wing                Right Wing               Defense                  Defense                  
   Ryan Johansen            Adam Henrique            Nino Niederreiter        Dougie Hamilton          Jake McCabe              

Last Minutes Defensive
   Center                   Left Wing                Right Wing               Defense                  Defense                  
   Erik Haula               Ronalds Kenins           Nino Niederreiter        Dougie Hamilton          Marco Scandella          

Goaltenders
Starting : Jonathan Bernier         
Backup : Michal Neuvirth          

Extra Forwards
Normal : Nikolaj Ehlers, Marcus Johansson, Erik Haula - PP : Nikolaj Ehlers, Erik Haula - PK : Ronalds Kenins
Extra Defensemen
Normal : Marco Scandella, Dougie Hamilton, Michael Matheson - PP : Michael Matheson - PK : Dougie Hamilton, Michael Matheson
Penalty Shots
Marcus Johansson, Corey Perry, Ryan Johansen, Erik Haula, Noel Acciari

Scratches
Tyler Myers (Suspend)

% Time on Ice - Maple Leafs

Lines # - Real PCT - Wanted PCT - Time Play
Normal Forward
1 - 38% - 40% - 17:23
2 - 31% - 30% - 14:02
3 - 18% - 20% - 8:06
4 - 13% - 10% - 6:01
Normal Defense
1 - 41% - 40% - 18:49
2 - 31% - 30% - 14:08
3 - 24% - 20% - 10:44
4 - 4% - 10% - 1:51
PP Forward
1 - 57% - 60% - 2:45
2 - 43% - 40% - 2:03
PP Defense
1 - 59% - 60% - 2:51
2 - 41% - 40% - 1:57
PK Forward
1 - 82% - 60% - 7:56
2 - 18% - 40% - 1:44
PK Defense
1 - 65% - 60% - 6:18
2 - 35% - 40% - 3:22
PK3 Forward
1 - 0% - 60%
2 - 0% - 40%
PK3 Defense
1 - 0% - 60%
2 - 0% - 40%
44 Forward
1 - 100% - 60% - 0:08
2 - 0% - 40% - 0:00
44 Defense
1 - 100% - 60% - 0:08
2 - 0% - 40% - 0:00
Last Minute Offensive  - 0:00
Last Minute Defensive  - 0:00
Total
Forward - 60:08
Defense - 60:08

% Time on Ice - Jets

Lines # - Real PCT - Wanted PCT - Time Play
Normal Forward
1 - 38% - 39% - 17:16
2 - 27% - 30% - 12:25
3 - 18% - 19% - 8:04
4 - 17% - 12% - 7:47
Normal Defense
1 - 40% - 40% - 18:01
2 - 34% - 35% - 15:41
3 - 26% - 25% - 11:50
4 - 0% - 0% - 0:00
PP Forward
1 - 56% - 60% - 5:22
2 - 44% - 40% - 4:18
PP Defense
1 - 62% - 60% - 5:57
2 - 38% - 40% - 3:43
PK Forward
1 - 79% - 60% - 3:47
2 - 21% - 40% - 1:01
PK Defense
1 - 60% - 60% - 2:52
2 - 40% - 40% - 1:56
PK3 Forward
1 - 0% - 60%
2 - 0% - 40%
PK3 Defense
1 - 0% - 60%
2 - 0% - 40%
44 Forward
1 - 100% - 60% - 0:08
2 - 0% - 40% - 0:00
44 Defense
1 - 100% - 60% - 0:08
2 - 0% - 40% - 0:00
Last Minute Offensive  - 0:00
Last Minute Defensive  - 0:00
Total
Forward - 60:08
Defense - 60:08

Play-by-Play

1st period


0:01 of 1st period - Ryan Johansen wins face-off versus Brayden Schenn in neutral zone.
0:10 of 1st period - Wrist shot by Claude Giroux.
0:10 of 1st period - Shot Misses the Net.
0:12 of 1st period - Wrist shot by Patrick Kane.
0:12 of 1st period - Stopped by Jonathan Bernier with a rebound.
0:31 of 1st period - Backhand shot by Corey Perry.
0:31 of 1st period - Shot Misses the Net.
1:05 of 1st period - Slapshot by John Klingberg.
1:05 of 1st period - Stopped by Jonathan Bernier with a rebound.
1:07 of 1st period - Slapshot by John Klingberg.
1:07 of 1st period - Deflect By Logan Couture.
1:07 of 1st period - Stopped by Jonathan Bernier without a rebound.
1:08 of 1st period - Bo Horvat wins face-off versus Erik Haula in Jets zone.
1:14 of 1st period - Minor Penalty to Alexander Radulov for Interference.
1:15 of 1st period - Erik Haula wins face-off versus Brayden Schenn in Jets zone.
2:21 of 1st period - Jake McCabe is hit by Bo Horvat and loses puck.
2:32 of 1st period - Wrist shot by Jean-Gabriel Pageau.
2:32 of 1st period - Shot Blocked by Zach Werenski.
2:53 of 1st period - Icing by Jake Guentzel.
2:54 of 1st period - Bo Horvat wins face-off versus Noel Acciari in Maple Leafs zone.
3:14 of 1st period - Penalty to Alexander Radulov is over, Alexander Radulov is back on ice.
3:25 of 1st period - Snap shot by Ryan Johansen.
3:25 of 1st period - Stopped by John Gibson with a rebound.
3:31 of 1st period - Snap shot by Ryan Johansen.
3:31 of 1st period - Stopped by John Gibson without a rebound.
3:32 of 1st period - Brandon Saad wins face-off versus Jean-Gabriel Pageau in Maple Leafs zone.
3:32 of 1st period - Brandon Saad is hit by Corey Perry.
3:38 of 1st period - Wrist shot by Bo Horvat.
3:38 of 1st period - Shot Blocked by Corey Perry.
3:48 of 1st period - Wrist shot by Jean-Gabriel Pageau.
3:48 of 1st period - Shot Misses the Net.
3:58 of 1st period - Mirco Mueller is hit by Patrick Kane and loses puck.
4:23 of 1st period - Slapshot by Jake Guentzel.
4:23 of 1st period - Shot Misses the Net.
4:25 of 1st period - Snap shot by Andre Burakovsky.
4:25 of 1st period - Shot Misses the Net.
5:36 of 1st period - Hampus Lindholm is hit by Ryan Johansen and loses puck.
5:59 of 1st period - Wrist shot by Jake Guentzel.
5:59 of 1st period - Deflect By Logan Couture.
5:59 of 1st period - Stopped by Jonathan Bernier with a rebound.
6:01 of 1st period - Snap shot by Jon Merrill.
6:01 of 1st period - Stopped by Jonathan Bernier with a rebound.
6:21 of 1st period - Icing by Dougie Hamilton.
6:22 of 1st period - Brayden Schenn wins face-off versus Erik Haula in Jets zone.
6:23 of 1st period - Snap shot by Patrick Kane.
6:23 of 1st period - Shot Misses the Net.
6:25 of 1st period - Slapshot by Brayden Schenn.
6:25 of 1st period - Stopped by Jonathan Bernier without a rebound.
6:26 of 1st period - Ryan Johansen wins face-off versus Brayden Schenn in Jets zone.
6:58 of 1st period - Wrist shot by Logan Couture.
6:58 of 1st period - Stopped by Jonathan Bernier with a rebound.
7:38 of 1st period - Wrist shot by Patrice Cormier.
7:38 of 1st period - Shot Blocked by Michael Matheson.
7:40 of 1st period - Slapshot by Jon Merrill.
7:40 of 1st period - Stopped by Jonathan Bernier without a rebound.
7:41 of 1st period - Brayden Schenn wins face-off versus Ryan Johansen in Jets zone.
7:56 of 1st period - Snap shot by Claude Giroux.
7:56 of 1st period - Stopped by Jonathan Bernier without a rebound.
7:57 of 1st period - Jean-Gabriel Pageau wins face-off versus Brayden Schenn in Jets zone.
8:29 of 1st period - Slapshot by Zach Werenski.
8:29 of 1st period - Deflect By Jake Guentzel.
8:29 of 1st period - Shot Misses the Net.
8:29 of 1st period - Puck is out of play.
8:30 of 1st period - Brayden Schenn wins face-off versus Ryan Johansen in Jets zone.
8:35 of 1st period - Snap shot by Claude Giroux.
8:35 of 1st period - Stopped by Jonathan Bernier without a rebound.
8:36 of 1st period - Ryan Johansen wins face-off versus Brayden Schenn in Jets zone.
8:36 of 1st period - Ryan Johansen is hit by Patrick Kane.
8:45 of 1st period - Minor Penalty to Patrick Kane for Interference.
8:46 of 1st period - Ryan Johansen wins face-off versus Brayden Schenn in Maple Leafs zone.
8:48 of 1st period - Snap shot by Ryan Johansen.
8:48 of 1st period - Shot Misses the Net.
9:18 of 1st period - Slapshot by Marcus Johansson.
9:18 of 1st period - Shot Misses the Net.
9:32 of 1st period - Wrist shot by Logan Couture.
9:32 of 1st period - Shot Misses the Net.
10:45 of 1st period - Penalty to Patrick Kane is over, Patrick Kane is back on ice.
11:22 of 1st period - Slapshot by Patrice Cormier.
11:22 of 1st period - Shot Misses the Net.
11:24 of 1st period - Slapshot by Zach Werenski.
11:24 of 1st period - Shot Blocked by Erik Haula.
11:26 of 1st period - Slapshot by Ryan Parent.
11:26 of 1st period - Stopped by Jonathan Bernier with a rebound.
11:28 of 1st period - Slapshot by Zach Werenski.
11:28 of 1st period - Stopped by Jonathan Bernier with a rebound.
11:56 of 1st period - Mirco Mueller is hit by Brayden Schenn and loses puck.
12:12 of 1st period - Slapshot by Hampus Lindholm.
12:12 of 1st period - Deflect By Brandon Saad.
12:12 of 1st period - Shot Blocked by Robert Hagg.
12:12 of 1st period - Puck is out of play.
12:13 of 1st period - Noel Acciari wins face-off versus Bo Horvat in Jets zone.
12:20 of 1st period - Snap shot by Nikolaj Ehlers.
12:20 of 1st period - Shot Blocked by Brandon Saad.
12:22 of 1st period - Slapshot by Jordan Martinook.
12:22 of 1st period - Stopped by John Gibson with a rebound.
12:24 of 1st period - Slapshot by Marco Scandella.
12:24 of 1st period - Stopped by John Gibson without a rebound.
12:25 of 1st period - Brayden Schenn wins face-off versus Ryan Johansen in Maple Leafs zone.
12:44 of 1st period - Claude Giroux is hit by Adam Henrique.
13:08 of 1st period - Logan Couture is hit by Jean-Gabriel Pageau and loses puck.
13:25 of 1st period - Snap shot by Erik Haula.
13:25 of 1st period - Stopped by John Gibson without a rebound.
13:26 of 1st period - Erik Haula wins face-off versus Brayden Schenn in Maple Leafs zone.
14:02 of 1st period - Wrist shot by Adam Henrique.
14:02 of 1st period - Stopped by John Gibson with a rebound.
14:04 of 1st period - Slapshot by Marco Scandella.
14:04 of 1st period - Shot Blocked by Zach Werenski.
14:21 of 1st period - Bo Horvat is hit by Marcus Johansson and loses puck.
14:36 of 1st period - Jon Merrill is hit by Noel Acciari and loses puck.
15:03 of 1st period - Wrist shot by Erik Haula.
15:03 of 1st period - Stopped by John Gibson without a rebound.
15:04 of 1st period - Logan Couture wins face-off versus Ryan Johansen in Maple Leafs zone.
15:17 of 1st period - Wrist shot by Logan Couture.
15:17 of 1st period - Shot Blocked by Dougie Hamilton.
15:19 of 1st period - Slapshot by Jon Merrill.
15:19 of 1st period - Stopped by Jonathan Bernier without a rebound.
15:20 of 1st period - Jean-Gabriel Pageau wins face-off versus Claude Giroux in Jets zone.
15:35 of 1st period - Snap shot by Jean-Gabriel Pageau.
15:35 of 1st period - Stopped by John Gibson without a rebound.
15:36 of 1st period - Logan Couture wins face-off versus Adam Henrique in Maple Leafs zone.
15:41 of 1st period - Ryan Johansen is hit by Andre Burakovsky and loses puck.
16:11 of 1st period - Snap shot by Logan Couture.
16:11 of 1st period - Shot Blocked by Dougie Hamilton.
16:13 of 1st period - Wrist shot by Jake Guentzel.
16:13 of 1st period - Stopped by Jonathan Bernier without a rebound.
16:14 of 1st period - Brayden Schenn wins face-off versus Ryan Johansen in Jets zone.
16:37 of 1st period - Minor Penalty to John Klingberg for Holding.
16:38 of 1st period - Ryan Johansen wins face-off versus Brayden Schenn in Maple Leafs zone.
16:49 of 1st period - Snap shot by Brayden Schenn.
16:49 of 1st period - Shot Blocked by Ryan Johansen.
17:18 of 1st period - Wrist shot by Marcus Johansson.
17:18 of 1st period - Deflect By Corey Perry.
17:18 of 1st period - Shot Misses the Net.
17:18 of 1st period - Puck is out of play.
17:19 of 1st period - Brayden Schenn wins face-off versus Ryan Johansen in Maple Leafs zone.
18:37 of 1st period - Penalty to John Klingberg is over, John Klingberg is back on ice.
18:51 of 1st period - Jon Merrill is hit by Jordan Martinook and loses puck.
19:18 of 1st period - Beau Bennett is hit by Jake McCabe and loses puck.
19:53 of 1st period - Wrist shot by Andre Burakovsky.
19:53 of 1st period - Deflect By Logan Couture.
19:53 of 1st period - Stopped by Jonathan Bernier without a rebound.
19:54 of 1st period - Adam Henrique wins face-off versus Logan Couture in Jets zone.
19:54 of 1st period - Adam Henrique is hit by Ryan Parent.
Goals for this period are 0 for Maple Leafs vs 0 for Jets.
Shots for this period are 15 for Maple Leafs vs 8 for Jets.

2nd period


0:01 of 2nd period - Ryan Johansen wins face-off versus Brayden Schenn in neutral zone.
0:20 of 2nd period - Minor Penalty to Nino Niederreiter for Holding.
0:21 of 2nd period - Erik Haula wins face-off versus Brayden Schenn in Jets zone.
0:30 of 2nd period - Noel Acciari is hit by Claude Giroux and loses puck.
0:47 of 2nd period - Erik Haula is hit by John Klingberg and loses puck.
0:52 of 2nd period - Snap shot by Jon Merrill.
0:52 of 2nd period - Shot Blocked by Marco Scandella.
0:54 of 2nd period - Wrist shot by Jon Merrill.
0:54 of 2nd period - Deflect By Bo Horvat.
0:54 of 2nd period - Shot Blocked by Marco Scandella.
0:54 of 2nd period - Puck is out of play.
0:55 of 2nd period - Erik Haula wins face-off versus Brayden Schenn in Jets zone.
1:10 of 2nd period - Slapshot by Brayden Schenn.
1:10 of 2nd period - Goal by Brayden Schenn - Maple Leafs : 1 - Jets : 0.
1:11 of 2nd period - Ryan Johansen wins face-off versus Brayden Schenn in neutral zone.
1:18 of 2nd period - Nino Niederreiter is hit by Patrick Kane and loses puck.
1:43 of 2nd period - Wrist shot by Corey Perry.
1:43 of 2nd period - Stopped by John Gibson with a rebound.
2:07 of 2nd period - Slapshot by Ronalds Kenins.
2:07 of 2nd period - Stopped by John Gibson without a rebound.
2:08 of 2nd period - Adam Henrique wins face-off versus Brayden Schenn in Maple Leafs zone.
3:40 of 2nd period - Jordan Martinook is hit by Hampus Lindholm and loses puck.
4:46 of 2nd period - Snap shot by Marcus Johansson.
4:46 of 2nd period - Goal by Marcus Johansson - Maple Leafs : 1 - Jets : 1.
4:47 of 2nd period - Ryan Johansen wins face-off versus Brayden Schenn in neutral zone.
4:58 of 2nd period - Wrist shot by Patrick Kane.
4:58 of 2nd period - Stopped by Jonathan Bernier with a rebound.
5:00 of 2nd period - Backhand shot by Brayden Schenn.
5:00 of 2nd period - Deflect By Patrick Kane.
5:00 of 2nd period - Stopped by Jonathan Bernier with a rebound.
5:02 of 2nd period - Slapshot by Hampus Lindholm.
5:02 of 2nd period - Deflect By Dougie Hamilton.
5:02 of 2nd period - Stopped by Jonathan Bernier with a rebound.
5:04 of 2nd period - Slapshot by Hampus Lindholm.
5:04 of 2nd period - Deflect By Patrick Kane.
5:04 of 2nd period - Goal by Patrick Kane - Maple Leafs : 2 - Jets : 1.
5:05 of 2nd period - Claude Giroux wins face-off versus Ryan Johansen in neutral zone.
5:10 of 2nd period - Slapshot by Hampus Lindholm.
5:10 of 2nd period - Stopped by Jonathan Bernier without a rebound.
5:11 of 2nd period - Patrick Kane wins face-off versus Ryan Johansen in Jets zone.
5:25 of 2nd period - Off-side.
5:26 of 2nd period - Jean-Gabriel Pageau wins face-off versus Logan Couture in neutral zone.
6:20 of 2nd period - Jon Merrill is hit by Erik Haula and loses puck.
6:55 of 2nd period - Pontus Aberg is hit by Jean-Gabriel Pageau and loses puck.
7:04 of 2nd period - Snap shot by Corey Perry.
7:04 of 2nd period - Stopped by John Gibson without a rebound.
7:05 of 2nd period - Brayden Schenn wins face-off versus Ryan Johansen in Maple Leafs zone.
7:05 of 2nd period - Brayden Schenn is hit by Adam Henrique.
7:43 of 2nd period - Off-side.
7:44 of 2nd period - Bo Horvat wins face-off versus Ryan Johansen in neutral zone.
7:55 of 2nd period - Snap shot by Beau Bennett.
7:55 of 2nd period - Stopped by Jonathan Bernier with a rebound.
8:46 of 2nd period - Wrist shot by Jake Guentzel.
8:46 of 2nd period - Shot Misses the Net.
8:48 of 2nd period - Slapshot by Braydon Coburn.
8:48 of 2nd period - Deflect By Erik Haula.
8:48 of 2nd period - Stopped by Jonathan Bernier without a rebound.
8:49 of 2nd period - Ryan Johansen wins face-off versus Bo Horvat in Jets zone.
9:04 of 2nd period - Wrist shot by Bo Horvat.
9:04 of 2nd period - Shot Misses the Net.
9:14 of 2nd period - Brayden Schenn is hit by Marco Scandella.
9:19 of 2nd period - Icing by Jon Merrill.
9:20 of 2nd period - Brayden Schenn wins face-off versus Jean-Gabriel Pageau in Maple Leafs zone.
9:20 of 2nd period - Brayden Schenn is hit by Michael Matheson.
9:42 of 2nd period - Off-side.
9:43 of 2nd period - Andre Burakovsky wins face-off versus Ryan Johansen in neutral zone.
9:58 of 2nd period - Slapshot by Logan Couture.
9:58 of 2nd period - Shot Misses the Net.
10:15 of 2nd period - Zach Werenski is hit by Erik Haula and loses puck.
10:20 of 2nd period - Snap shot by Alexander Radulov.
10:20 of 2nd period - Stopped by John Gibson with a rebound.
10:22 of 2nd period - Snap shot by Erik Haula.
10:22 of 2nd period - Stopped by John Gibson without a rebound.
10:23 of 2nd period - Ryan Johansen wins face-off versus Brandon Saad in Maple Leafs zone.
10:24 of 2nd period - Backhand shot by Adam Henrique.
10:24 of 2nd period - Stopped by John Gibson without a rebound.
10:25 of 2nd period - Ryan Johansen wins face-off versus Bo Horvat in Maple Leafs zone.
10:26 of 2nd period - Snap shot by Adam Henrique.
10:26 of 2nd period - Shot Blocked by Hampus Lindholm.
10:50 of 2nd period - Jean-Gabriel Pageau is hit by Patrick Kane and loses puck.
11:15 of 2nd period - Snap shot by Jake Guentzel.
11:15 of 2nd period - Shot Blocked by Dougie Hamilton.
11:17 of 2nd period - Snap shot by Logan Couture.
11:17 of 2nd period - Stopped by Jonathan Bernier with a rebound.
11:19 of 2nd period - Wrist shot by Logan Couture.
11:19 of 2nd period - Shot Blocked by Dougie Hamilton.
11:35 of 2nd period - Wrist shot by Dougie Hamilton.
11:35 of 2nd period - Shot Blocked by Patrice Cormier.
11:59 of 2nd period - Snap shot by Beau Bennett.
11:59 of 2nd period - Shot Misses the Net.
12:25 of 2nd period - Snap shot by Nikolaj Ehlers.
12:25 of 2nd period - Stopped by John Gibson with a rebound.
12:27 of 2nd period - Slapshot by Jake McCabe.
12:27 of 2nd period - Shot Blocked by Zach Werenski.
12:37 of 2nd period - Snap shot by Jordan Martinook.
12:37 of 2nd period - Stopped by John Gibson with a rebound.
12:39 of 2nd period - Snap shot by Noel Acciari.
12:39 of 2nd period - Stopped by John Gibson with a rebound.
12:41 of 2nd period - Slapshot by Jake McCabe.
12:41 of 2nd period - Stopped by John Gibson with a rebound.
12:43 of 2nd period - Slapshot by Jake McCabe.
12:43 of 2nd period - Stopped by John Gibson without a rebound.
12:44 of 2nd period - Brayden Schenn wins face-off versus Ryan Johansen in Maple Leafs zone.
12:51 of 2nd period - Wrist shot by Patrick Kane.
12:51 of 2nd period - Shot Misses the Net.
12:53 of 2nd period - Snap shot by Patrick Kane.
12:53 of 2nd period - Shot Misses the Net.
13:11 of 2nd period - Brandon Saad is hit by Jean-Gabriel Pageau.
13:21 of 2nd period - Dougie Hamilton is hit by Beau Bennett.
13:39 of 2nd period - Snap shot by Alexander Radulov.
13:39 of 2nd period - Stopped by John Gibson with a rebound.
13:41 of 2nd period - Wrist shot by Ronalds Kenins.
13:41 of 2nd period - Stopped by John Gibson with a rebound.
13:55 of 2nd period - Slapshot by Zach Werenski.
13:55 of 2nd period - Stopped by Jonathan Bernier with a rebound.
14:09 of 2nd period - Wrist shot by Nikolaj Ehlers.
14:09 of 2nd period - Stopped by John Gibson without a rebound.
14:10 of 2nd period - Noel Acciari wins face-off versus Brayden Schenn in Maple Leafs zone.
14:49 of 2nd period - Slapshot by Nino Niederreiter.
14:49 of 2nd period - Stopped by John Gibson with a rebound.
15:23 of 2nd period - Marco Scandella is hit by Zach Werenski and loses puck.
16:37 of 2nd period - Slapshot by Logan Couture.
16:37 of 2nd period - Stopped by Jonathan Bernier without a rebound.
16:38 of 2nd period - Brayden Schenn wins face-off versus Ryan Johansen in Jets zone.
17:05 of 2nd period - Minor Penalty to Marcus Johansson for High sticking.
17:06 of 2nd period - Brayden Schenn wins face-off versus Erik Haula in Jets zone.
18:10 of 2nd period - Slapshot by Hampus Lindholm.
18:10 of 2nd period - Stopped by Jonathan Bernier without a rebound.
18:11 of 2nd period - Bo Horvat wins face-off versus Ronalds Kenins in Jets zone.
18:12 of 2nd period - Wrist shot by Zach Werenski.
18:12 of 2nd period - Stopped by Jonathan Bernier with a rebound.
18:26 of 2nd period - Snap shot by Andre Burakovsky.
18:26 of 2nd period - Stopped by Jonathan Bernier with a rebound.
18:54 of 2nd period - Wrist shot by Adam Henrique.
18:54 of 2nd period - Shot Blocked by Jake Guentzel.
18:56 of 2nd period - Wrist shot by Ronalds Kenins.
18:56 of 2nd period - Stopped by John Gibson without a rebound.
18:57 of 2nd period - Erik Haula wins face-off versus Claude Giroux in Maple Leafs zone.
18:58 of 2nd period - Slapshot by Noel Acciari.
18:58 of 2nd period - Shot Misses the Net.
19:00 of 2nd period - Slapshot by Marco Scandella.
19:00 of 2nd period - Shot Blocked by John Klingberg.
19:05 of 2nd period - Penalty to Marcus Johansson is over, Marcus Johansson is back on ice.
19:21 of 2nd period - Slapshot by Noel Acciari.
19:21 of 2nd period - Shot Blocked by Tim Schaller.
19:23 of 2nd period - Wrist shot by Noel Acciari.
19:23 of 2nd period - Stopped by John Gibson without a rebound.
19:24 of 2nd period - Patrice Cormier wins face-off versus Jean-Gabriel Pageau in Maple Leafs zone.
19:31 of 2nd period - Jean-Gabriel Pageau is hit by Tim Schaller.
19:51 of 2nd period - Jake Guentzel is hit by Mirco Mueller.
Goals for this period are 2 for Maple Leafs vs 1 for Jets.
Shots for this period are 14 for Maple Leafs vs 18 for Jets.

3rd period


0:01 of 3rd period - Adam Henrique wins face-off versus Brayden Schenn in neutral zone.
0:06 of 3rd period - Slapshot by Ryan Johansen.
0:06 of 3rd period - Shot Misses the Net.
0:17 of 3rd period - Icing by Nino Niederreiter.
0:18 of 3rd period - Ryan Johansen wins face-off versus Logan Couture in Jets zone.
0:31 of 3rd period - Minor Penalty to Andre Burakovsky for Cross-checking.
0:32 of 3rd period - Ryan Johansen wins face-off versus Brayden Schenn in Maple Leafs zone.
0:34 of 3rd period - Backhand shot by Adam Henrique.
0:34 of 3rd period - Shot Blocked by Brayden Schenn.
0:36 of 3rd period - Slapshot by Nino Niederreiter.
0:36 of 3rd period - Deflect By Ryan Johansen.
0:36 of 3rd period - Shot Misses the Net.
0:36 of 3rd period - Puck is out of play.
0:37 of 3rd period - Ryan Johansen wins face-off versus Brayden Schenn in Maple Leafs zone.
1:14 of 3rd period - Slapshot by Marcus Johansson.
1:14 of 3rd period - Stopped by John Gibson with a rebound.
2:31 of 3rd period - Penalty to Andre Burakovsky is over, Andre Burakovsky is back on ice.
2:33 of 3rd period - Braydon Coburn is hit by Adam Henrique.
2:54 of 3rd period - Slapshot by Patrice Cormier.
2:54 of 3rd period - Shot Misses the Net.
2:56 of 3rd period - Slapshot by Braydon Coburn.
2:56 of 3rd period - Stopped by Jonathan Bernier with a rebound.
3:05 of 3rd period - Off-side.
3:06 of 3rd period - Logan Couture wins face-off versus Erik Haula in neutral zone.
3:21 of 3rd period - Slapshot by Ryan Parent.
3:21 of 3rd period - Goal by Ryan Parent - Maple Leafs : 3 - Jets : 1.
3:22 of 3rd period - Brayden Schenn wins face-off versus Ryan Johansen in neutral zone.
3:37 of 3rd period - Snap shot by Brayden Schenn.
3:37 of 3rd period - Stopped by Jonathan Bernier without a rebound.
3:38 of 3rd period - Jean-Gabriel Pageau wins face-off versus Logan Couture in Jets zone.
4:09 of 3rd period - Off-side.
4:10 of 3rd period - Brayden Schenn wins face-off versus Ryan Johansen in neutral zone.
4:13 of 3rd period - Slapshot by Jon Merrill.
4:13 of 3rd period - Shot Blocked by Marco Scandella.
4:15 of 3rd period - Snap shot by Claude Giroux.
4:15 of 3rd period - Stopped by Jonathan Bernier without a rebound.
4:16 of 3rd period - Ryan Johansen wins face-off versus Brayden Schenn in Jets zone.
4:22 of 3rd period - Off-side.
4:23 of 3rd period - Ryan Johansen wins face-off versus Brayden Schenn in neutral zone.
4:34 of 3rd period - Marco Scandella is hit by Claude Giroux.
5:01 of 3rd period - Wrist shot by Claude Giroux.
5:01 of 3rd period - Stopped by Jonathan Bernier with a rebound.
5:03 of 3rd period - Snap shot by Brayden Schenn.
5:03 of 3rd period - Stopped by Jonathan Bernier without a rebound.
5:04 of 3rd period - Ryan Johansen wins face-off versus Logan Couture in Jets zone.
5:17 of 3rd period - Wrist shot by Nino Niederreiter.
5:17 of 3rd period - Shot Misses the Net.
5:19 of 3rd period - Snap shot by Adam Henrique.
5:19 of 3rd period - Shot Hit the Post.
5:21 of 3rd period - Snap shot by Adam Henrique.
5:21 of 3rd period - Goal by Adam Henrique - Maple Leafs : 3 - Jets : 2.
5:22 of 3rd period - Ryan Johansen wins face-off versus Brayden Schenn in neutral zone.
5:31 of 3rd period - Snap shot by Adam Henrique.
5:31 of 3rd period - Shot Misses the Net.
5:44 of 3rd period - Minor Penalty to Claude Giroux for Roughing.
5:45 of 3rd period - Brayden Schenn wins face-off versus Ryan Johansen in Maple Leafs zone.
5:56 of 3rd period - Slapshot by Dougie Hamilton.
5:56 of 3rd period - Goal by Dougie Hamilton - Maple Leafs : 3 - Jets : 3.
5:57 of 3rd period - Brayden Schenn wins face-off versus Ryan Johansen in neutral zone.
6:33 of 3rd period - Wrist shot by Nino Niederreiter.
6:33 of 3rd period - Goal by Nino Niederreiter - Maple Leafs : 3 - Jets : 4.
6:34 of 3rd period - Brayden Schenn wins face-off versus Jean-Gabriel Pageau in neutral zone.
6:36 of 3rd period - Minor Penalty to Claude Giroux for Roughing.
6:37 of 3rd period - Ryan Johansen wins face-off versus Brayden Schenn in Maple Leafs zone.
7:14 of 3rd period - Off-side.
7:15 of 3rd period - Erik Haula wins face-off versus Bo Horvat in neutral zone.
7:18 of 3rd period - Snap shot by Michael Matheson.
7:18 of 3rd period - Deflect By Corey Perry.
7:18 of 3rd period - Stopped by John Gibson without a rebound.
7:19 of 3rd period - Bo Horvat wins face-off versus Ryan Johansen in Maple Leafs zone.
7:32 of 3rd period - Snap shot by Ryan Johansen.
7:32 of 3rd period - Stopped by John Gibson with a rebound.
7:34 of 3rd period - Slapshot by Marco Scandella.
7:34 of 3rd period - Stopped by John Gibson with a rebound.
7:36 of 3rd period - Snap shot by Marco Scandella.
7:36 of 3rd period - Stopped by John Gibson without a rebound.
7:37 of 3rd period - Erik Haula wins face-off versus Brayden Schenn in Maple Leafs zone.
7:48 of 3rd period - Brayden Schenn is hit by Jake McCabe and loses puck.
8:08 of 3rd period - Slapshot by Marco Scandella.
8:08 of 3rd period - Goal by Marco Scandella - Maple Leafs : 3 - Jets : 5.
8:09 of 3rd period - Logan Couture wins face-off versus Marcus Johansson in neutral zone.
8:41 of 3rd period - Wrist shot by Patrick Kane.
8:41 of 3rd period - Shot Misses the Net.
8:59 of 3rd period - Snap shot by Jake McCabe.
8:59 of 3rd period - Shot Blocked by Brandon Saad.
10:02 of 3rd period - Snap shot by Andre Burakovsky.
10:02 of 3rd period - Goal by Andre Burakovsky - Maple Leafs : 4 - Jets : 5.
10:03 of 3rd period - Claude Giroux wins face-off versus Ryan Johansen in neutral zone.
10:11 of 3rd period - Icing by Marco Scandella.
10:12 of 3rd period - Nino Niederreiter wins face-off versus Claude Giroux in Jets zone.
10:21 of 3rd period - Wrist shot by Claude Giroux.
10:21 of 3rd period - Stopped by Jonathan Bernier without a rebound.
10:22 of 3rd period - Ryan Johansen wins face-off versus Patrick Kane in Jets zone.
10:40 of 3rd period - Off-side.
10:41 of 3rd period - Jean-Gabriel Pageau wins face-off versus Logan Couture in neutral zone.
10:50 of 3rd period - Wrist shot by Corey Perry.
10:50 of 3rd period - Stopped by John Gibson without a rebound.
10:51 of 3rd period - Logan Couture wins face-off versus Jean-Gabriel Pageau in Maple Leafs zone.
12:10 of 3rd period - Snap shot by John Klingberg.
12:10 of 3rd period - Stopped by Jonathan Bernier with a rebound.
12:12 of 3rd period - Slapshot by Braydon Coburn.
12:12 of 3rd period - Shot Blocked by Corey Perry.
12:14 of 3rd period - Slapshot by Braydon Coburn.
12:14 of 3rd period - Stopped by Jonathan Bernier without a rebound.
12:15 of 3rd period - Ryan Johansen wins face-off versus Brayden Schenn in Jets zone.
12:22 of 3rd period - Slapshot by Claude Giroux.
12:22 of 3rd period - Goal by Claude Giroux - Maple Leafs : 5 - Jets : 5.
12:23 of 3rd period - Brayden Schenn wins face-off versus Ryan Johansen in neutral zone.
12:26 of 3rd period - Wrist shot by Claude Giroux.
12:26 of 3rd period - Deflect By Dougie Hamilton.
12:26 of 3rd period - Shot Blocked by Dougie Hamilton.
12:26 of 3rd period - Puck is out of play.
12:27 of 3rd period - Ryan Johansen wins face-off versus Brayden Schenn in Jets zone.
12:27 of 3rd period - Ryan Johansen is hit by Patrick Kane.
12:33 of 3rd period - Snap shot by Dougie Hamilton.
12:33 of 3rd period - Stopped by John Gibson with a rebound.
12:41 of 3rd period - Snap shot by Adam Henrique.
12:41 of 3rd period - Stopped by John Gibson with a rebound.
12:52 of 3rd period - Off-side.
12:53 of 3rd period - Erik Haula wins face-off versus Brandon Saad in neutral zone.
13:00 of 3rd period - Snap shot by Alexander Radulov.
13:00 of 3rd period - Shot Misses the Net.
13:06 of 3rd period - Snap shot by Ronalds Kenins.
13:06 of 3rd period - Stopped by John Gibson without a rebound.
13:07 of 3rd period - Brayden Schenn wins face-off versus Ryan Johansen in Maple Leafs zone.
13:09 of 3rd period - Minor Penalty to Claude Giroux for High sticking.
13:10 of 3rd period - Brayden Schenn wins face-off versus Ryan Johansen in Maple Leafs zone.
13:10 of 3rd period - Brayden Schenn is hit by Ryan Johansen.
13:36 of 3rd period - Erik Haula is hit by Brayden Schenn.
15:09 of 3rd period - Penalty to Claude Giroux is over, Claude Giroux is back on ice.
15:12 of 3rd period - Wrist shot by Noel Acciari.
15:12 of 3rd period - Stopped by John Gibson with a rebound.
15:22 of 3rd period - Slapshot by Tim Schaller.
15:22 of 3rd period - Stopped by Jonathan Bernier without a rebound.
15:23 of 3rd period - Noel Acciari wins face-off versus Brayden Schenn in Jets zone.
15:50 of 3rd period - Robert Hagg is hit by Tim Schaller and loses puck.
16:07 of 3rd period - Ryan Parent is hit by Erik Haula and loses puck.
17:57 of 3rd period - Wrist shot by Erik Haula.
17:57 of 3rd period - Stopped by John Gibson with a rebound.
17:59 of 3rd period - Slapshot by Mirco Mueller.
17:59 of 3rd period - Deflect By Erik Haula.
17:59 of 3rd period - Shot Misses the Net.
17:59 of 3rd period - Puck is out of play.
18:00 of 3rd period - Brandon Saad wins face-off versus Erik Haula in Maple Leafs zone.
18:17 of 3rd period - Bo Horvat is hit by Alexander Radulov and loses puck.
19:57 of 3rd period - Jon Merrill is hit by Jordan Martinook and loses puck.
Goals for this period are 3 for Maple Leafs vs 4 for Jets.
Shots for this period are 12 for Maple Leafs vs 15 for Jets.

Overtime #1


0:01 of 1st overtime period - Brayden Schenn wins face-off versus Ryan Johansen in neutral zone.
0:08 of 1st overtime period - Snap shot by Claude Giroux.
0:08 of 1st overtime period - Goal by Claude Giroux - Maple Leafs : 6 - Jets : 5.
Goals for this period are 1 for Maple Leafs vs 0 for Jets.
Shots for this period are 1 for Maple Leafs vs 0 for Jets. Output by the SimonT Hockey Simulator (STHS) for Francois Prevost - Original Page W3C HTML5 Valid
Hockey Simulator - Hockey Simulation - Hockey Manager